 Dungeon Crawl Stone Soup version 0.31-a0-662-g684573625c (webtiles) character file.

Game seed: 8024762970649971219

182 Joey1 the Ruffian (level 5, -3/46 HPs)
             Began as a Troll Shapeshifter on Aug 31, 2023.
             Slain by Edmund
             ... wielding a +4 dire flail of holy wrath
              (8 damage)
             ... on level 4 of the Dungeon.
             The game lasted 00:09:26 (2715 turns).

Joey1 the Ruffian (Troll Shapeshifter)              Turns: 2715, Time: 00:09:26

Health: -3/46      AC:  4    Str: 24    XL:     5   Next: 34%
Magic:  4/4        EV:  9    Int:  6    God:
Gold:   219        SH:  0    Dex:  9    Spells: 4/4 levels left

rFire   . .          .
                       - Unarmed
rCold   . . .        (no shield)
rNeg    . . .        a - +0 animal skin
rPois   .            (helmet currently unavailable)
rElec   .            (cloak currently unavailable)
rCorr   .            (gloves unavailable)
SInv    .            (boots unavailable)
Will    .....        (no amulet)
Stlth   +            (no ring)
HPRegen 1.07/turn    (no ring)
MPRegen 0.09/turn

%: no passive effects
@: beast-form
A: beast (slay +1), large, unfitting armour, claws 3, regeneration 1, shaggy fur
1, tough skin 1
a: Begin Untransformation


You were on level 4 of the Dungeon.
You were a hulking beast.
You visited 1 branch of the dungeon, and saw 4 of its levels.
You also visited: Sewer.

You collected 219 gold pieces.

Inventory:

Missiles
 h - 5 boomerangs
Armour
 a - a +0 animal skin (worn)
Jewellery
 g - a +6 ring of intelligence
 i - a +6 ring of dexterity
Talismans
 c - a beast talisman (active)
 d - a flux talisman
Wands
 y - a wand of quicksilver (15)
 B - a wand of polymorph (6)
Scrolls
 e - 3 scrolls of identify {unknown}
 j - a scroll of brand weapon {unknown}
 l - a scroll of fear {unknown}
 n - a scroll of torment {unknown}
 o - a scroll of vulnerability {unknown}
 p - a scroll of poison {unknown}
 q - a scroll of amnesia {unknown}
 t - a scroll of blinking {unknown}
 u - a scroll of enchant armour {unknown}
 w - a scroll of enchant weapon {unknown}
 x - a scroll of revelation {unknown}
 z - a scroll of teleportation {unknown}
 A - a scroll of fog {unknown}
Potions
 b - a potion of lignification
 f - 3 potions of resistance {unknown}
 k - 3 potions of curing {unknown}
 m - 4 potions of brilliance {unknown}
 r - a potion of mutation {unknown}
 s - a potion of might {unknown}
 v - a potion of cancellation {unknown}


   Skills:
 - Level 0.7 Fighting
 - Level 1.5 Dodging
 + Level 6.1 Unarmed Combat
 - Level 3.0 Shapeshifting


You had 4 spell levels left.
You didn't know any spells.
Your spell library contained the following spells:

 Spells                   Type           Power      Damage    Failure   Level
 Magic Dart               Conj           0%         1d3       45%         1
 Slow                     Hex            0%         N/A       45%         1
 Call Imp                 Summ           0%         N/A       58%         2
 Ensorcelled Hibernation  Hex/Ice        0%         N/A       58%         2
 Passwall                 Tmut/Erth      0%         N/A       58%         2
 Confusing Touch          Hex            0%         N/A       83%         3
 Dazzling Flash           Conj/Hex       0%         N/A       83%         3
 Mephitic Cloud           Conj/Pois/Air  0%         N/A       83%         3
 Swiftness                Air            0%         N/A       83%         3
 Vampiric Draining        Necr           0%         2d6       83%         3
 Volatile Blastmotes      Fire/Tloc      0%         2d10      83%         3
 Starburst                Conj/Fire      0%         6d3       100%        6
 Maxwell's Capacitive Co  Air            0%         ∞         100%        8


Dungeon Overview and Level Annotations

Branches:
Dungeon (4/15)              Sewer (visited)
 Temple: D:4-7

Altars:
Fedhas

Annotations:
D:4 Edmund


Innate Abilities, Weirdness & Mutations

You are a hulking beast.
Your limbs bulge with bestial killing power. (Slay +1)
You are too large for most types of armour.
You have claws for hands.
Your natural rate of healing is unusually fast.
You are covered in fur. (AC +1)
You have tough skin. (AC +1)


Message History

No target in view!
No target in view!
No target in view!
You see here an adder corpse.
You now have 219 gold pieces (gained 11).
B - a wand of polymorph (6) Edmund the Younger comes into view.
He is wielding a +4 dire flail of holy wrath.
Edmund says, "What use are spells, anyway?"
Edmund says, "I might not be good at magic, but I can still kill you!"
There is a stone staircase leading up here.
You climb upwards.
There is a stone staircase leading down here.
There is a stone staircase leading down here.
You climb downwards.
Level annotation: Edmund
There is a stone staircase leading up here.
There is a stone staircase leading up here.
Edmund is nearby!
Edmund hits you with a +4 dire flail of holy wrath!
You closely miss Edmund. Edmund completely misses you.
You scratch Edmund but do no damage.
Edmund hits you with a +4 dire flail of holy wrath.
You claw Edmund!
Edmund is moderately wounded.
Edmund hits you with a +4 dire flail of holy wrath!
You are too injured to fight recklessly!
You are too injured to fight recklessly!
You are too injured to fight recklessly!
Okay, then.
Edmund attacks as he pursues you!
Edmund hits you with a +4 dire flail of holy wrath!
* * * LOW HITPOINT WARNING * * *
There is a stone staircase leading up, spattered with blood here.
Edmund attacks as he pursues you!
Edmund hits you with a +4 dire flail of holy wrath!
* * * LOW HITPOINT WARNING * * *
Edmund attacks as he pursues you!
Edmund hits you with a +4 dire flail of holy wrath!
You die...
Edmund says, "I'd like to see a scythe do that!"

#.# #.# #.# #.# #.# #####.##.#
#.# #...@.##.# #.# #.# #.#
#####.#
#.##.######.#####...#.#######
#...........h...............†
#............#@###...#.....###
#.###.###.....†...............
# #.# #.###..###.#####..#...
#.# #.# #.## #.# #..#.## #.#
#.# #.# #.# #..#.## #.# #.#
#.# #(# #..#... #.# #.# #.#
#.# #..#..# #.# #.# #......


You could see Edmund.

Vanquished Creatures
  Ijyb (D:3)
  6 adders
  A worm (D:2)
  2 dart slugs
  5 orcs (D:3)
  8 bats
  5 endoplasms
  A giant cockroach (D:4)
  6 goblins
  3 hobgoblins
  11 jackals
  4 quokkas
  10 ball pythons
  5 frilled lizards
  11 kobolds
  3 rats (D:1)
82 creatures vanquished.

Notes
Turn   | Place    | Note
-------+----------+-------------------------------------------
     0 | D:1      | Joey1 the Troll Shapeshifter began the quest for the Orb.
     0 | D:1      | Reached XP level 1. HP: 18/18 MP: 0/0
   160 | D:1      | Reached XP level 2. HP: 26/26 MP: 1/1
   269 | D:1      | Reached skill level 4 in Unarmed Combat
   557 | D:1      | Reached XP level 3. HP: 32/32 MP: 2/2
  1043 | D:2      | Reached skill level 5 in Unarmed Combat
  1043 | D:2      | Reached XP level 4. HP: 36/40 MP: 3/3
  1446 | D:3      | Found a glowing drain.
  1457 | Sewer    | Entered a sewer
  1949 | D:3      | Found a blossoming altar of Fedhas.
  2139 | D:3      | Noticed Ijyb
  2151 | D:3      | Killed Ijyb
  2152 | D:3      | Reached XP level 5. HP: 43/46 MP: 4/4
  2175 | D:3      | Reached skill level 6 in Unarmed Combat
  2626 | D:4      | Noticed Edmund
  2715 | D:4      | Slain by Edmund

Illustrated notes

Levels and vault maps discovered:
D:1:      lemuel_arrival_room, layout_basic, chequers_serial_rivers_small_a,
          minmay_tromino_i2
D:2:      layout_basic
D:3:      layout_basic, lemuel_tele_altar, portal_sewer_entry_d, uniq_ijyb
D:4:      layout_loops_ring, minmay_lizard_king, uniq_pargi, uniq_edmund

Skill      XL: |  1  2  3  4  5 |
---------------+----------------+-----
Unarmed Combat | 4 5 6 |  6.1
Fighting       | |  0.7
Dodging        | |  1.5
Shapeshifting  | |  3.0

Action                     |  1- 3 |  4- 6 || total
---------------------------+-------+-------++-------
  Melee: Unarmed           |   118 |    80 ||   198
         Punch             |     3 |     1 ||     4
 Armour: Animal skin       |    92 |    60 ||   152
  Dodge: Dodged            |    44 |    37 ||    81

Table legend: (Time is in decaauts)
 A = Elapsed time spent in this place.
 B = Non-inter-level travel time spent in this place.
 C = Inter-level travel time spent in this place.
 D = Time resting spent in this place.
 E = Time spent auto-exploring this place.
 F = Levels seen in this place.
 G = Mean time per level.
                   A        B        C        D        E       F      G
               +--------+--------+--------+--------+--------+-----+--------+
         Total |   2697 |   2528 |    169 |      0 |   1982 |   5 |  539.4 |
       Dungeon |   2400 |   2231 |    169 |      0 |   1783 |   4 |  600.0 |
         Sewer |    296 |    296 |      0 |      0 |    199 |   1 |  296.0 |
               +--------+--------+--------+--------+--------+-----+--------+

Top non-repeatable levels by time:
     D:3: 878 daAuts
     D:1: 726 daAuts
     D:2: 663 daAuts
   Sewer: 296 daAuts
     D:4: 131 daAuts
